 Dungeon Crawl Stone Soup version 0.31.0-11-ge490571c62 (webtiles) character file.

Game seed: 12636063093567474631

58 qw the Shooter (level 3, -1/20 HPs)
             Began as a Deep Elf Hunter on Feb 3, 2024.
             Slain by an orc
             ... wielding a +0 short sword
              (3 damage)
             ... on level 3 of the Dungeon.
             The game lasted 00:00:23 (1737 turns).

qw the Shooter (Deep Elf Hunter)                    Turns: 1737, Time: 00:00:24

Health: -1/20      AC:  5    Str: 14    XL:     3   Next: 75%
Magic:  5/5        EV: 11    Int: 13    God:
Gold:   86         SH:  0    Dex: 20    Spells: 2/2 levels left

rFire   . . .        a - +0 shortbow
rCold   . . .        (shield currently unavailable)
rNeg    . . .        d - +0 ring mail
rPois   .            (no helmet)
rElec   .            (no cloak)
rCorr   .            (no gloves)
SInv    .            (no boots)
Will    .....        (no amulet)
Stlth   +            j - +6 ring of strength
HPRegen 0.23/turn    (no ring)
MPRegen 0.09/turn

%: no passive effects
@: attractive
A: no striking features
a: no special abilities


You were on level 3 of the Dungeon.
You visited 1 branch of the dungeon, and saw 3 of its levels.

You collected 86 gold pieces.


   Skills:
 - Level 1.5 Fighting
 + Level 7.2 Ranged Weapons
 - Level 2.4 Dodging
 - Level 1.2 Stealth


You had 2 spell levels left.
You didn't know any spells.
Your spell library was empty.

Inventory:

Hand Weapons
 a - a +0 shortbow (weapon)
Armour
 d - a +0 ring mail (worn)
Jewellery
 j - a +6 ring of strength (left hand)
Wands
 f - a wand of charming (14)
Potions
 g - a potion of heal wounds {unknown}

Dungeon Overview and Level Annotations

Branches:
Dungeon (3/15)

Altars:


Message History

Done exploring.
1717 ||| DROPPING potion of berserk rage.
You drop a potion of berserk rage.
Done exploring.
1718 ||| DROPPING 2 potions of attraction.
You drop 2 potions of attraction.
Done exploring.
1719 ||| DROPPING potion of magic.
You drop a potion of magic.
Done exploring.
What level of the Dungeon? (default 2, ? - help)
There is a stone staircase leading down here.
You climb downwards.
The orc shouts!
The orc is attracted toward you. x2
Found a stone staircase leading down.
There is a stone staircase leading up here.
There are monsters nearby!
Waypoint 2 assigned to D:3.
1730 ||| STAIRDANCE The orc is attracted toward you. x2
You climb upwards.
There is a stone staircase leading down here.
You climb downwards.
The orc shouts!
The orc hits you with a +0 short sword. The orc closely misses you.
The orc is attracted toward you.
There is a stone staircase leading up here.
You shoot an arrow. The arrow hits the orc.
The orc is moderately wounded.
The orc hits you but does no damage. The orc closely misses you.
The orc hits you with a +0 falchion.
You shoot an arrow. The arrow hits the orc.
The orc is severely wounded.
The orc hits you but does no damage. The orc closely misses you.
The orc hits you with a +0 falchion!
You shoot an arrow. The arrow closely misses the orc.
The orc hits you with a +0 short sword. x2; The orc barely misses you.
You shoot an arrow. The arrow barely misses the orc.
The orc hits you with a +0 short sword.
You die...

### ..# #
#######.#.#
......#.#.##..#
#^...o...>..
#..o@# #..o.#
#..### #.. #.
#. #


You could see 3 orcs.

Vanquished Creatures
  3 adders (D:2)
  A dart slug (D:1)
  3 endoplasms
  A giant cockroach (D:1)
  3 goblins (D:1)
  3 hobgoblins
  2 jackals (D:1)
  2 kobolds
  2 quokkas (D:1)
  5 bats
  A frilled lizard (D:1)
26 creatures vanquished.

Notes
Turn   | Place    | Note
-------+----------+-------------------------------------------
     0 | D:1      | qw the Deep Elf Hunter began the quest for the Orb.
     0 | D:1      | Reached XP level 1. HP: 12/12 MP: 3/3
     0 | D:1      | 0 ||| qw: Version: 0.3-a-155-g5e7d8dd
     0 | D:1      | 0 ||| qw: Game counter: 3365
     0 | D:1      | 0 ||| qw: Melee chars always use a shield: true
     0 | D:1      | 0 ||| qw: God list: Okawaru
     0 | D:1      | 0 ||| qw: Allow faded altars: false
     0 | D:1      | 0 ||| qw: Do Orc after clearing Dungeon:15 true
     0 | D:1      | 0 ||| qw: Do second Lair branch before Depths: true
     0 | D:1      | 0 ||| qw: Lair rune preference: random
     0 | D:1      | 0 ||| qw: Goals: Normal
     0 | D:1      | 0 ||| PLANNING D:1-11
   258 | D:1      | Reached skill level 6 in Ranged Weapons
   258 | D:1      | Reached XP level 2. HP: 16/16 MP: 4/4
   745 | D:1      | 745 ||| UPGRADING to +0 ring mail.
   755 | D:1      | 755 ||| DROPPING +0 leather armour.
   756 | D:1      | 756 ||| DROPPING ring of flight.
   757 | D:1      | 757 ||| UPGRADING to +6 ring of strength.
   758 | D:1      | 758 ||| READING scroll labelled YJEWAS YSAAM.
   758 | D:1      | 758 ||| IDENTIFYING viscous red potion
   759 | D:1      | 759 ||| DROPPING scroll of butterflies.
   760 | D:1      | 760 ||| DROPPING potion of lignification.
   907 | D:2      | Reached XP level 3. HP: 20/20 MP: 5/5
  1149 | D:2      | Reached skill level 7 in Ranged Weapons
  1713 | D:2      | 1713 ||| READING scroll of identify.
  1713 | D:2      | 1713 ||| IDENTIFYING murky silvery potion
  1714 | D:2      | 1714 ||| READING scroll labelled ELEEGI XAKKUO.
  1715 | D:2      | 1715 ||| DRINKING 3 murky inky potions.
  1716 | D:2      | 1716 ||| DRINKING 2 cyan potions.
  1717 | D:2      | 1717 ||| DROPPING potion of berserk rage.
  1718 | D:2      | 1718 ||| DROPPING 2 potions of attraction.
  1719 | D:2      | 1719 ||| DROPPING potion of magic.
  1730 | D:3      | 1730 ||| STAIRDANCE
  1736 | D:3      | HP: 5/20 [orc/+0 short sword (1)]
  1736 | D:3      | HP: 1/20 [orc/+0 short sword (4)]
  1737 | D:3      | Slain by an orc

Levels and vault maps discovered:
D:1:      sevenhm_arrival_forest_fort_large_3, layout_basic, st_stairs_9
D:2:      layout_basic, kennysheep_generic_room_15
D:3:      layout_basic, serial_shops, nicolae_shop_crystal,
          minmay_stone_trees_small

Skill      XL: |  1  2  3 |
---------------+----------+-----
Ranged Weapons | 6 7 |  7.2
Fighting       | |  1.5
Dodging        | |  2.4
Stealth        | |  1.2

Action                     || total
---------------------------++-------
   Fire: Shortbow          ||    68
    Use: Scroll            ||     3
         Potion            ||     2
 Armour: Leather armour    ||     6
         Ring mail         ||    17
  Dodge: Dodged            ||    18

Table legend:
 A = Non-vault XP
 B = Vault XP
 C = Vault XP percentage of total XP
 D = Non-vault monster count
 E = Vault monster count
 F = Vault count percentage of total count
                 A         B        C        D         E       F
            +---------+---------+-------+---------+---------+-------
      Total |      78 |       5 |   6.0 |      23 |       3 |  11.5
            +---------+---------+-------+---------+---------+-------
        D:1 |      28 |       4 |  12.5 |      14 |       2 |  12.5
        D:2 |      50 |       1 |   2.0 |       9 |       1 |  10.0
            +---------+---------+-------+---------+---------+-------
